 Dungeon Crawl Stone Soup version 0.29.0-7-g18a832c13a (webtiles) character file.

Game seed: 14475900569376003409

135 RascalDebosk the Grave Robber (level 4, -4/24 HPs)
             Began as a Deep Elf Necromancer on Aug 31, 2022.
             Slain by an orc
             ... wielding a +0 trident
              (8 damage)
             ... on level 3 of the Dungeon.
             The game lasted 00:41:48 (2205 turns).

RascalDebosk the Grave Robber (DENe)                Turns: 2205, Time: 00:41:48

Health: -4/24      AC:  4    Str:  5    XL:     4   Next: 97%
Magic:  0/11       EV: 13    Int: 22    God:
Gold:   75         SH:  0    Dex: 15    Spells: 1/10 levels left

rFire   . . .      SeeInvis .   r - +0 sling
rCold   . . .      Faith    .   (no shield)
rNeg    . . .      Spirit   .   a - +0 robe
rPois   .          Reflect  .   (no helmet)
rElec   .          Harm     .   h - +0 cloak
rCorr   .          Rampage  .   f - +0 pair of gloves
Will    .....                   (no boots)
Stlth   ++........              l - amulet of regeneration
HPRegen 0.88/turn               (no ring)
MPRegen 0.12/turn               (no ring)

@: no status effects
A: no striking features
a: no special abilities


You were on level 3 of the Dungeon.
You visited 1 branch of the dungeon, and saw 3 of its levels.

You collected 75 gold pieces.

Inventory:

Hand Weapons
 e - a +0 dagger
 i - a +0 short sword of protection
 q - a +0 dagger
 r - a +0 sling (weapon)
Missiles
 s - 25 stones
Armour
 a - a +0 robe (worn)
 f - a +0 pair of gloves (worn)
 g - a +0 leather armour
 h - a +0 cloak (worn)
Magical Staves
 p - a staff of poison
Jewellery
 k - a ring of ice
 l - an amulet of regeneration (around neck)
Scrolls
 d - 2 scrolls of enchant armour {unknown}
 j - a scroll of magic mapping {unknown}
 o - a scroll of identify {unknown}
Potions
 b - a potion of magic
 c - 5 potions of curing {unknown}
 m - a potion of cancellation {unknown}
 n - 2 potions of heal wounds {unknown}


   Skills:
 + Level 0.8 Ranged Weapons
 + Level 3.2 Dodging
 + Level 3.2 Stealth
 + Level 3.8 Spellcasting
 + Level 1.0 Conjurations
 + Level 5.2 Necromancy
 + Level 0.9 Transmutations
 + Level 0.8 Air Magic
 + Level 1.2 Poison Magic
 + Level 1.6 Evocations


You had one spell level left.
You knew the following spells:

 Your Spells              Type           Power      Damage    Failure   Level
a - Necrotise             Necr           100%       1d9       1%          1
b - Sting                 Tmut/Pois      36%        1d4       8%          1
c - Vampiric Draining     Necr           27%        2d7       4%          3
d - Animate Dead          Necr           27%        N/A       13%         4

Your spell library contained the following spells:

 Spells                   Type           Power      Damage    Failure   Level
 Sandblast                Erth           8%         2d5       12%         1
 Summon Small Mammal      Summ           16%        N/A       12%         1
 Scorch                   Fire           8%         2d5       17%         2
 Mephitic Cloud           Conj/Pois/Air  8%         N/A       22%         3
 Ignite Poison            Fire/Tmut/Pois 7%         N/A       26%         3
 Agony                    Necr           27%        N/A       36%         5
 Flame Wave               Conj/Fire      6%         2d5       67%         4
 Freezing Cloud           Conj/Ice/Air   3%         6-21      94%         5
 Summon Cactus Giant      Summ           2%         N/A       100%        6


Dungeon Overview and Level Annotations

Branches:
Dungeon (3/15)

Altars:


Message History

Confirm with . or Enter, or press ? or * to list all spells.
Aiming: Necrotise (safe; 1% risk of failure)
Press: ? - help, Shift-Dir - straight line, f/p - orc wizard
Aim: an orc wizard, wielding a +0 dagger and wearing a +0 robe (severely wounded, chance to affect: 83%)
The orc wizard writhes in agony!
You kill the orc wizard!
The dead are walking!
The orc hits you from afar with a +0 trident.
The orc closely misses you.
Your Conjurations skill increases to level 1!
Fire: r) +0 sling
Press: ? - help, Q - select action, (/) - cycle Shift-Dir - straight line, f - orc
Aim: an orc, wielding a +0 falchion (lightly wounded, ally target, 54% to hit)
You shoot a sling bullet. The sling bullet hits the orc.
The orc is moderately wounded.
The orc hits you but does no damage. The orc barely misses you.
The orc misses you. x2; Your orc wizard skeleton hits the orc.
The orc barely misses you. The orc hits you but does no damage.
The orc priest zombie hits your orc wizard skeleton.
Fire: r) +0 sling
Press: ? - help, Q - select action, (/) - cycle Shift-Dir - straight line, f/p - orc
Aim: an orc, wielding a +0 falchion (heavily wounded, ally target, 54% to hit)
You shoot a sling bullet. The sling bullet barely misses the orc.
The sling bullet hits the orc priest zombie but does no damage.
The orc priest zombie is almost destroyed.
The orc hits you from afar with a +0 trident!
* * * LOW HITPOINT WARNING * * *
The orc closely misses you. The orc barely misses you.
Your orc wizard skeleton barely misses the orc.
The orc priest zombie hits your orc wizard skeleton.
Casting: Necrotise (safe; 1% risk of failure)
Confirm with . or Enter, or press ? or * to list all spells.
Aiming: Necrotise (safe; 1% risk of failure)
Press: ? - help, Shift-Dir - straight line, f/p - orc
Aim: an orc, wielding a +0 falchion (heavily wounded, ally target, chance to affect: 93%)
The orc writhes in agony.
You kill the orc!
The dead are walking!
The orc hits you from afar with a +0 trident!
You die...

. ### ##. ....
....#######..#..
#.....@)o.....#
#...ZZ)o######
#.....Z.....#
#....######{#
#..#. #oZ.o#
#..#. .###.# #.
. .. .# # . ###
.# #


You could see 2 orcs, an orc priest zombie (ally target), a friendly orc
skeleton and a friendly orc wizard skeleton.

Vanquished Creatures
  An orc priest (D:3)
  An orc wizard (D:3)
  2 adders (D:2)
  A worm (D:2)
  A dart slug (D:1)
  2 orcs (D:3)
  4 bats
  5 endoplasms
  A giant cockroach (D:3)
  2 goblins (D:2)
  A hobgoblin (D:2)
  13 jackals
  4 kobolds
  A quokka (D:1)
  4 ball pythons
  3 frilled lizards
  5 rats
51 creatures vanquished.

Vanquished Creatures (collateral kills)
  A goblin (D:1)
  A hobgoblin (D:1)
2 creatures vanquished.

Vanquished Creatures (others)
  An endoplasm zombie (D:3)
  A giant cockroach zombie (D:3)
  An orc zombie (D:3)
3 creatures vanquished.

Grand Total: 56 creatures vanquished

Notes
Turn   | Place    | Note
-------+----------+-------------------------------------------
     0 | D:1      | RascalDebosk the Deep Elf Necromancer began the quest for
                  | the Orb.
     0 | D:1      | Reached XP level 1. HP: 10/10 MP: 6/6
   233 | D:1      | Reached XP level 2. HP: 15/15 MP: 6/8
   246 | D:1      | Reached skill level 5 in Necromancy
   513 | D:1      | Reached skill level 1 in Evocations
   675 | D:1      | Reached XP level 3. HP: 14/19 MP: 6/9
   802 | D:1      | Got An Introduction to Witchcraft
   805 | D:1      | Learned a level 1 spell: Sting
  1494 | D:2      | Learned a level 3 spell: Vampiric Draining
  1605 | D:2      | Reached XP level 4. HP: 24/24 MP: 5/11
  1714 | D:2      | Learned a level 4 spell: Animate Dead
  1798 | D:2      | Reached skill level 1 in Poison Magic
  2203 | D:3      | Reached skill level 1 in Conjurations
  2205 | D:3      | Slain by an orc

Illustrated notes

Levels and vault maps discovered:
D:1:      dpeg_arrival_round_c, layout_basic, minmay_cut_off
D:2:      layout_rooms
D:3:      minmay_door_path, layout_rooms,
          mainiacjoe_overflow_concentric_impassable,
          mainiacjoe_overflow_chevrons

Skill      XL: |  1  2  3  4 |
---------------+-------------+-----
Necromancy     | 5 |  5.2
Evocations     | 1 |  1.6
Dodging        | 3 |  3.2
Stealth        | 3 |  3.2
Poison Magic   | 1 |  1.2
Conjurations   | 1 |  1.0
Ranged Weapons | |  0.8
Spellcasting   | |  3.8
Transmutations | |  0.9
Air Magic      | |  0.8

Action                   |  1- 3 |  4- 6 || total
-------------------------+-------+-------++-------
Melee: Dagger            |    16 |       ||    16
       Short sword       |    10 |       ||    10
       Punch             |     1 |       ||     1
       Sling             |       |     1 ||     1
 Fire: Sling             |       |    13 ||    13
 Cast: Necrotise         |    60 |    22 ||    82
       Animate Dead      |       |     2 ||     2
Armor: Robe              |     7 |    10 ||    17
       Leather armour    |    11 |       ||    11
Dodge: Dodged            |    39 |    18 ||    57
